AoeStats
← life is nice ツ

Arabia

509907111Analyzed
1v1 RM · 4d ago on Sep 28, 2026· 46m 57s· 2 players
Game mode
Random Map
Map size
Tiny (2 player)
Population
200
Speed
Normal
Resources
Standard
Victory
Conquest
Starting age
Dark Age
Ending age
Imperial Age
RankedLock teamsTeams togetherTeam positionsShared explorationLock speedFull tech treeHidden civsTurbo modeCheats
Victory
Defeat
🇨🇴 Lithuanians · Colombia
952
+14
🇩🇪 Varangians · Germany
916
-37
life is nice ツ
3:57 Loom
11:35 Feudal Age
13:27 Wheelbarrow
13:08 Double-Bit Axe
15:04 Gold Mining
18:04 Stone Mining
20:45 Scale Mail Armor
22:25 Horse Collar
25:12 Castle Age
25:27 Forging
29:54 Heavy Plow
32:21 Squires
32:54 Pikeman
36:00 Hand Cart
38:52 Imperial Age
38:28 Hand Cart
38:14 Vendel Legacy
39:46 Onager
41:15 Masonry
42:09 Chemistry
jhgomez13
9:01 Loom
10:46 Feudal Age
16:13 Town Watch
21:27 Fletching
23:45 Castle Age
22:23 Horse Collar
22:55 Double-Bit Axe
24:17 Bloodlines
24:35 Husbandry
24:17 Pikeman
25:30 Bodkin Arrow
26:34 Squires
26:54 Scale Mail Armor
27:21 Forging
35:43 Imperial Age
37:38 Cavalier
43:54 Conscription
44:02 Scale Barding Armor
Connection lost

Rejoining the realm…

Still unreachable

The connection could not be restored.

Session expired

The server has moved on; the page needs a fresh start.